AoeStats
← ogipochi_

MegaRandom

503896799Analyzed
4v4 RM · 1mo ago on Sep 2, 2026· 26m 59s· 8 players
Game mode
Random Map
Map size
Large (8 player)
Population
200
Speed
Normal
Resources
Standard
Victory
Conquest
Starting age
Dark Age
Ending age
Imperial Age
RankedLock teamsTeams togetherTeam positionsShared explorationLock speedFull tech treeHidden civsTurbo modeCheats
Victory
Defeat
🇦🇷 Berbers · Argentina
1082
+5
🇪🇸 Bengalis · Spain
892
+12
🇦🇷 Bohemians · Argentina
878
+13
🇦🇷 Burgundians · Argentina
830
+14
🇺🇸 Japanese · United States
866
-14
🇯🇵 Britons · Japan
861
-13
🇦🇷 Franks · Argentina
784
-10
🇲🇽 Byzantines · Mexico
713
-7
ogipochi_
8:20 Loom
10:25 Feudal Age
11:08 Double-Bit Axe
11:05 Horse Collar
12:03 Wheelbarrow
11:21 Gold Mining
13:37 Stone Mining
15:13 Fletching
19:38 Padded Archer Armor
23:06 Castle Age
23:33 Crossbowman
25:00 Bodkin Arrow
25:21 Leather Archer Armor
26:41 Ballistics
yabin.belrojo
13:28 Feudal Age
24:18 Castle Age
fedeguillen20
7:23 Loom
9:54 Feudal Age
10:40 Double-Bit Axe
18:36 Castle Age
16:41 Gold Mining
17:33 Forging
18:37 Stone Mining
19:38 Bow Saw
21:05 Fervor
23:22 Gold Shaft Mining
25:29 Husbandry
24:54 Pikeman
25:35 Squires
25:21 Gambesons
25:22 Arson
ianxpresso
10:15 Feudal Age
11:04 Double-Bit Axe
11:02 Horse Collar
11:24 Loom
12:15 Wheelbarrow
22:11 Castle Age
20:57 Stone Mining
22:02 Gold Mining
23:00 Forging
23:36 Bow Saw
23:54 Man-at-Arms
25:27 Long Swordsman
26:41 Padded Archer Armor
27:08 Fletching
Lapalida22
10:25 Feudal Age
9:21 Double-Bit Axe
10:32 Horse Collar
11:46 Wheelbarrow
10:57 Loom
12:01 Bow Saw
12:04 Heavy Plow
17:51 Scale Mail Armor
18:24 Gold Mining
23:44 Castle Age
23:06 Scale Barding Armor
23:12 Forging
24:17 Cavalier
Clayton
5:04 Loom
11:40 Feudal Age
17:40 Castle Age
16:13 Double-Bit Axe
16:49 Horse Collar
21:35 Fletching
24:17 Bodkin Arrow
25:10 Gold Mining
26:43 Ballistics
27:24 Thumb Ring
Luquito1909
7:34 Loom
10:12 Feudal Age
12:21 Double-Bit Axe
13:47 Horse Collar
17:06 Wheelbarrow
16:35 Fletching
16:55 Forging
17:55 Padded Archer Armor
21:10 Castle Age
22:29 Bodkin Arrow
23:36 Stone Mining
23:42 Gold Mining
25:01 Town Watch
26:29 Gold Shaft Mining
26:20 Padded Archer Armor
26:34 Town Patrol
maurito.trenta
11:23 Feudal Age
11:55 Loom
17:04 Double-Bit Axe
22:41 Castle Age
23:35 Pikeman
27:51 Chemistry
Connection lost

Rejoining the realm…

Still unreachable

The connection could not be restored.

Session expired

The server has moved on; the page needs a fresh start.